 Dungeon Sprint DCSS version 0.23-a0-164-g7711e57 (webtiles) character file.

732 emperorscorpion the Thaumaturge (level 7, -10/38 HPs)
             Began as a Deep Elf Air Elementalist on Sept 10, 2018.
             Was a Priest of Sif Muna.
             Hit by a large rock thrown by a cyclops (25 damage)
             ... in the Dungeon (Sprint IX: "|||||||||||||||||||||||||||||").
             The game lasted 00:02:49 (196 turns).

emperorscorpion the Thaumaturge (DEAE)               Turns: 196, Time: 00:02:49

Health: -10/38     AC:  4    Str:  8    XL:     7   Next: 45%
Magic:  13/24      EV: 18    Int: 22    God:    Sif Muna [***...]
Gold:   0          SH:  0    Dex: 15    Spells: 17/29 levels left

rFire    . . .     SeeInvis .   a - +4 quarterstaff (speed)
rCold    . . .     Gourm    .   (shield currently unavailable)
rNeg     . . .     Faith    .   o - +0 robe
rPois    .         Spirit   .   p - +0 helmet
rElec    .         Reflect  .   q - +0 cloak
rCorr    .         Harm     .   (no gloves)
MR       .....     NoTele   +   (no boots)
Stlth    +++.......             (no amulet)
HPRegen  0.12/turn              r - +2 ring of evasion
MPRegen  0.19/turn              s - +3 ring of strength

@: very slightly contaminated
A: no striking features
a: Divine Energy, Channel Magic, Renounce Religion


You were in the Dungeon.
You worshipped Sif Muna.
Sif Muna was most pleased with you.
You were not hungry.

You visited 1 branch

Inventory:

Hand Weapons
 a - a +4 quarterstaff of speed (weapon)
 n - the +2 halberd of Extinguishment {antimagic, rPois Int+6 Dex-3}
   (You found it in the Dungeon)

   It reduces the magical energy of the wielder, and disrupts the spells and
   magical abilities of those hit.
   Natural abilities and divine invocations are not affected.
   It affects your intelligence (+6).
   It affects your dexterity (-3).
   It protects you from poison.
Armour
 o - a +0 robe (worn)
 p - a +0 helmet (worn)
 q - a +0 cloak (worn)
Magical Staves
 b - an uncursed staff of energy
Jewellery
 r - a +2 ring of evasion (left hand)
 s - a +3 ring of strength (right hand)
Wands
 l - a wand of acid (10)
Scrolls
 i - 2 scrolls of blinking
 j - 3 scrolls of remove curse
 k - 2 scrolls of amnesia
Potions
 d - 5 potions of curing
 e - 3 potions of heal wounds
 f - a potion of haste
 g - 4 potions of magic
 h - a potion of invisibility
Comestibles
 c - a ration
 m - 14 chunks of flesh


   Skills:
 + Level 1.3 Fighting
 + Level 6.2 Dodging
 - Level 3.9 Stealth
 + Level 2.5 Unarmed Combat
 * Level 11.6 Spellcasting
 + Level 3.9 Conjurations
 + Level 1.1 Charms
 + Level 10.8 Air Magic
 * Level 5.2 Invocations


You had 17 spell levels left.
You knew the following spells:

 Your Spells              Type           Power        Failure   Level  Hunger
a - Shock                 Conj/Air       ####         1%          1    None
b - Swiftness             Chrm/Air       #####...     1%          2    None
c - Airstrike             Air            ######....   1%          4    None
d - Lightning Bolt        Conj/Air       #####.....   7%          5    ####...

Your spell library contained the following spells:

 Spells                   Type           Power        Failure   Level  Hunger
 Static Discharge         Conj/Air       #####...     1%          3    None


Dungeon Overview and Level Annotations

Branches:
Dungeon (1/1)

Altars:
Cheibriados
Dithmenos
Elyvilon
Fedhas
Gozag
Hepliaklqana
Kikubaaqudgha
Makhleb
Nemelex Xobeh
Okawaru
Qazlal
Ru
Sif Muna
Trog
Uskayaw
Vehumet
Wu Jian
Xom
Yredelemnul
Zin
The Shining One
Beogh
Jiyva
Lugonu


Message History

Aiming: Lightning Bolt (safe; 8% risk of failure)
Press: ? - help, Shift-Dir - straight line, f/p - orc warrior
Aim: an orc warrior, wielding a short sword and wearing a chain mail (almost You hear a mighty clap of thunder!
The bolt of lightning hits the orc warrior.
You kill the orc warrior!
Sif Muna accepts your kill.
Your Charms skill increases to level 1!
The bolt of lightning misses the cyclops.
Casting: Lightning Bolt (safe; 7% risk of failure)
Confirm with . or Enter, or press ? or * to list all spells.
Aiming: Lightning Bolt (safe; 7% risk of failure)
Press: ? - help, Shift-Dir - straight line, f - cyclops
Aim: a cyclops (lightly wounded)
You hear a mighty clap of thunder!
The bolt of lightning hits the cyclops.
The cyclops is moderately wounded.
The cyclops throws a large rock.
The large rock hits you!!
Ouch! That really hurt!
You die... ▓▓▓▓▓▓▓▓▓▓▓▓▓▓▓▓▓▓▓▓▓▓▓▓▓▓▓▓▓▓▓ oC..o.'.C)...'@†[..).(.'_______ ▓▓▓▓▓▓▓▓▓▓▓▓▓▓▓▓▓▓▓▓▓▓▓▓▓▓▓▓▓▓▓

You could see a cyclops.

Vanquished Creatures
  A hippogriff (D)
  An orc warrior (D)
  An ice beast (D)
  A phantom (D)
  2 big kobolds (D)
  A bullfrog (D)
  A howler monkey (D)
  A crimson imp (D)
  A worker ant (D)
  An adder (D)
  An adder skeleton (D)
  A dart slug (D)
  A leopard gecko (D)
  An orc (D)
  A jackal (D)
  2 frilled lizards (D)
  A jackal zombie (D)
  A leopard gecko skeleton (D)
  A rat (D)
21 creatures vanquished.

Notes
Turn   | Place    | Note
-------+----------+-------------------------------------------
     0 | D        | emperorscorpion the Deep Elf Air Elementalist began the
                  | quest for the Orb.
     0 | D        | Reached XP level 1. HP: 10/10 MP: 6/6
    20 | D        | Noticed an ice beast
    20 | D        | Noticed a phantom
    21 | D        | Reached XP level 2. HP: 15/15 MP: 2/8
    29 | D        | Killed a phantom
    29 | D        | Reached skill level 5 in Spellcasting
    29 | D        | Reached XP level 3. HP: 11/20 MP: 0/12
    29 | D        | Reached XP level 4. HP: 13/24 MP: 0/13
    34 | D        | Killed an ice beast
    34 | D        | Reached skill level 1 in Unarmed Combat
    34 | D        | Reached skill level 8 in Spellcasting
    34 | D        | Reached XP level 5. HP: 3/28 MP: 0/17
    46 | D        | Found a roughly hewn altar of Beogh.
    46 | D        | Found a snail-covered altar of Cheibriados.
    46 | D        | Found a shadowy altar of Dithmenos.
    46 | D        | Found a white marble altar of Elyvilon.
    46 | D        | Found a blossoming altar of Fedhas.
    46 | D        | Found an opulent altar of Gozag.
    47 | D        | Found a hazy altar of Hepliaklqana.
    48 | D        | Found a viscous altar of Jiyva.
    49 | D        | Found an ancient bone altar of Kikubaaqudgha.
    50 | D        | Found a corrupted altar of Lugonu.
    51 | D        | Found a burning altar of Makhleb.
    52 | D        | Found a sparkling altar of Nemelex Xobeh.
    53 | D        | Found an iron altar of Okawaru.
    54 | D        | Found a stormy altar of Qazlal.
    55 | D        | Found a sacrificial altar of Ru.
    56 | D        | Found a deep blue altar of Sif Muna.
    57 | D        | Found a bloodstained altar of Trog.
    58 | D        | Found a hide-covered altar of Uskayaw.
    59 | D        | Found a radiant altar of Vehumet.
    60 | D        | Found an ornate altar of the Wu Jian Council.
    61 | D        | Found a shimmering altar of Xom.
    62 | D        | Found a basalt altar of Yredelemnul.
    63 | D        | Found a glowing silver altar of Zin.
    64 | D        | Became a worshipper of Sif Muna the Loreminder
    71 | D        | Learned a level 5 spell: Lightning Bolt
    76 | D        | Learned a level 4 spell: Airstrike
    79 | D        | Learned a level 2 spell: Swiftness
    79 | D        | Found a glowing golden altar of the Shining One.
    97 | D        | Got the +2 halberd of Extinguishment {antimagic, rPois
                  | Int+6 Dex-3}
   121 | D        | Noticed a hippogriff
   131 | D        | Reached skill level 5 in Dodging
   137 | D        | Reached * piety under Sif Muna
   139 | D        | Killed a hippogriff
   139 | D        | Reached ** piety under Sif Muna
   139 | D        | Reached skill level 1 in Fighting
   139 | D        | Reached skill level 10 in Spellcasting
   139 | D        | Reached skill level 10 in Air Magic
   139 | D        | Reached XP level 6. HP: 15/34 MP: 5/21
   145 | D        | Reached XP level 7. HP: 17/38 MP: 3/23
   165 | D        | Noticed a cyclops
   176 | D        | Reached skill level 11 in Spellcasting
   177 | D        | Reached *** piety under Sif Muna
   177 | D        | Reached skill level 5 in Invocations
   195 | D        | Reached skill level 1 in Charms
   196 | D        | Hit by a large rock thrown by a cyclops

Vault maps used:
D:        linesprint

Skill      XL: |  1  2  3  4  5  6  7 |
---------------+----------------------+-----
Dodging        | 3 4 5 6 |  6.2
Air Magic      | 4 6 8 10 | 10.8
Stealth        | 3 |  3.9
Spellcasting   | 5 8 10 11 | 11.6
Conjurations   | 2 3 |  3.9
Unarmed Combat | 1 2 |  2.5
Invocations    | 3 4 5 |  5.2
Fighting       | 1 |  1.3
Charms         | 1 |  1.1

Action                   |  1- 3 |  4- 6 |  7- 9 || total
-------------------------+-------+-------+-------++-------
Melee: Unarmed           |     4 |     4 |       ||     8
       Quarterstaff      |       |     3 |       ||     3
 Cast: Shock             |     8 |    13 |     7 ||    28
       Swiftness         |       |     1 |     1 ||     2
       Lightning Bolt    |       |       |     2 ||     2
Invok: Channel Magic     |       |       |     1 ||     1
  Use: Potion            |     1 |       |       ||     1
Dodge: Dodged            |     2 |     7 |     1 ||    10

Table legend:
 A = Non-vault XP
 B = Vault XP
 C = Vault XP percentage of total XP
 D = Non-vault monster count
 E = Vault monster count
 F = Vault count percentage of total count
                 A         B        C        D         E       F
            +---------+---------+-------+---------+---------+-------
      Total |       0 |    1046 | 100.0 |       0 |      21 | 100.0
            +---------+---------+-------+---------+---------+-------
          D |       0 |    1046 | 100.0 |       0 |      21 | 100.0
            +---------+---------+-------+---------+---------+-------
